 Dungeon Crawl Stone Soup version 0.29.1-15-g9cfb28693d (webtiles) character file.

Game seed: 7355089530931393314

126 workbot the Chopper (level 4, 0/39 HPs)
             Began as a Minotaur Berserker on May 2, 2023.
             Was a Believer of Trog.
             Slain by Duvessa
             ... wielding a +0 vorpal long sword
              (7 damage)
             ... on level 4 of the Dungeon.
             The game lasted 00:06:22 (2730 turns).

workbot the Chopper (Minotaur Berserker)            Turns: 2730, Time: 00:06:23

Health: 0/39       AC:  9    Str: 23    XL:     4   Next: 83%
Magic:  3/3        EV:  8    Int:  4    God:    Trog [**....]
Gold:   222        SH:  0    Dex: 10    Spells: 3/3 levels left

rFire   . . .      SeeInvis .   a - +1 hand axe
rCold   . . .      Faith    .   (no shield)
rNeg    . . .      Spirit   .   g - +0 chain mail
rPois   +          Reflect  .   (helmet restricted)
rElec   .          Harm     .   h - +0 cloak
rCorr   .          Rampage  .   (no gloves)
Will    .....                   (no boots)
Stlth   ..........              (no amulet)
HPRegen 0.13/turn               c - ring of poison resistance
MPRegen 0.08/turn               (no ring)

@: on berserk cooldown, slowed, very slow
A: horns 2, retaliatory headbutt
a: Renounce Religion, Berserk, Trog's Hand


You were on level 4 of the Dungeon.
You worshipped Trog.
Trog was pleased with you.
You visited 1 branch of the dungeon, and saw 4 of its levels.

You collected 222 gold pieces.

Inventory:

Hand Weapons
 a - a +1 hand axe (weapon)
Armour
 g - a +0 chain mail (worn)
 h - a +0 cloak (worn)
Jewellery
 c - a ring of poison resistance (left hand)
Wands
 n - a wand of flame (17)
Scrolls
 b - a scroll of enchant armour {unknown}
 i - 4 scrolls of teleportation
 j - a scroll of vulnerability {unknown}
Potions
 e - a potion of degeneration {unknown}
 f - a potion of resistance
 k - 2 potions of heal wounds
 l - a potion of ambrosia {unknown}
 m - a potion of brilliance {unknown}


   Skills:
 - Level 3.6 Fighting
 + Level 6.8 Axes
 - Level 2.4 Armour
 - Level 2.1 Dodging


You had 3 spell levels left.
You didn't know any spells.
Your spell library was empty.

Dungeon Overview and Level Annotations

Branches:
Dungeon (4/15)
 Temple: D:4-7

Altars:
Gozag
Hepliaklqana
Kikubaaqudgha
Makhleb
Sif Muna

Annotations:
D:4 Duvessa


Innate Abilities, Weirdness & Mutations

You have a pair of horns on your head.
You reflexively headbutt those who attack you in melee.


Message History

Things that are here:
a +0 dagger; a +0 robe; the elf corpse of Dowan You are no longer berserk.
You are exhausted.
You feel yourself slow down.
You feel the effects of Trog's Hand fading.
Duvessa, Sister of Dowan comes into view.
She is wielding a +0 vorpal long sword.
Duvessa shouts!
Duvessa goes berserk!
Okay, then.
As you read the scroll of summoning, it crumbles to dust.
Wisps of shadow whirl around you...
Duvessa hits you with a +0 vorpal long sword.
Duvessa barely misses you.
You barely miss Duvessa. You headbutt Duvessa.
Duvessa is lightly wounded.
Duvessa hits you with a +0 vorpal long sword!
Duvessa closely misses you.
Your endoplasm freezes Duvessa.
Duvessa is frozen.
You closely miss Duvessa.
Duvessa is lightly wounded.
Your skin stops crawling.
You feel less strong-willed.
Duvessa hits you with a +0 vorpal long sword!!
* * * LOW HITPOINT WARNING * * *
x2 Your giant cockroach bites Duvessa but does no damage.
Your ball python bites Duvessa but does no damage.
Your ball python closely misses Duvessa.
Your endoplasm hits Duvessa but does no damage.
Duvessa hits your endoplasm with a +0 vorpal long sword!
Your endoplasm dies!
Your endoplasm dissolves into shadows!
Your giant cockroach misses Duvessa.
Your giant cockroach barely misses Duvessa.
Your ball python bites Duvessa but does no damage.
Your ball python barely misses Duvessa.
You hit Duvessa.
Duvessa is moderately wounded.
Duvessa hits you with a +0 vorpal long sword!
You die...

#### ## #._. ..#
#.:.###.. #..B#∩#
#.@e## ##SB.## ####.
#######...#####.....
......##)..##......
.......##...#...#
#...........#
#..#..###....###
.... #......)....#
#..# #.###.....#.#


You could see Duvessa (berserk, ally target), 2 friendly giant cockroaches and a
friendly ball python (summoned).

Vanquished Creatures
  Dowan (D:4)
  An adder (D:3)
  A worm (D:3)
  4 orcs (D:3)
  5 ball pythons
  6 bats
  6 endoplasms
  4 giant cockroaches
  7 goblins
  3 hobgoblins
  5 jackals
  4 kobolds
  3 frilled lizards
  6 rats
56 creatures vanquished.

Vanquished Creatures (others)
  A demonic plant (D:1)
1 creature vanquished.

Grand Total: 57 creatures vanquished

Notes
Turn   | Place    | Note
-------+----------+-------------------------------------------
     0 | D:1      | workbot the Minotaur Berserker began the quest for the Orb.
     0 | D:1      | Reached XP level 1. HP: 19/19 MP: 0/0
    36 | D:1      | Reached skill level 4 in Axes
   149 | D:1      | Reached XP level 2. HP: 21/26 MP: 1/1
   247 | D:1      | Found a faded altar of an unknown god.
  1047 | D:2      | Reached skill level 5 in Axes
  1263 | D:2      | Reached XP level 3. HP: 31/31 MP: 2/2
  1266 | D:2      | Found an opulent altar of Gozag.
  1419 | D:2      | Reached ** piety under Trog
  1971 | D:3      | Found a burning altar of Makhleb.
  2034 | D:3      | Found a hazy altar of Hepliaklqana.
  2185 | D:3      | Found an ancient bone altar of Kikubaaqudgha.
  2443 | D:3      | Reached XP level 4. HP: 39/39 MP: 3/3
  2470 | D:3      | Reached skill level 6 in Axes
  2705 | D:4      | Noticed Dowan
  2716 | D:4      | Found a shimmering blue altar of Sif Muna.
  2718 | D:4      | Killed Dowan
  2725 | D:4      | Noticed Duvessa
  2730 | D:4      | Slain by Duvessa

Illustrated notes

Levels and vault maps discovered:
D:1:      erik_arrival_orb_chamber, layout_loops_ring,
          shapermc_ecumenical_altar_gd
D:2:      layout_loops_corners, basic_altar
D:3:      layout_rooms, mainiacjoe_overflow_paths,
          nicolae_hepliaklqana_hazy_memory, nicolae_kikubaaqudgha_miasma_corner,
          st_stairs_10, dreamdust_wishing_well
D:4:      kennysheep_goblin_castle, layout_basic,
          nzn_overflow_gifts_of_might_and_magic, st_stairs_5

Skill      XL: |  1  2  3  4 |
---------------+-------------+-----
Axes           | 4 5 6 |  6.8
Fighting       | |  3.6
Armour         | |  2.4
Dodging        | |  2.1

Action                   |  1- 3 |  4- 6 || total
-------------------------+-------+-------++-------
Melee: Hand axe          |    91 |    12 ||   103
       Headbutt          |     8 |     3 ||    11
Invok: Berserk           |       |     2 ||     2
       Trog's Hand       |       |     1 ||     1
  Use: Scroll            |     8 |     1 ||     9
 Stab: Sleeping          |     1 |       ||     1
Armor: Animal skin       |    14 |       ||    14
       Leather armour    |     7 |     1 ||     8
Dodge: Dodged            |    59 |     4 ||    63
